 Dungeon Crawl Stone Soup version 0.29-a0-845-g6161e89988 (webtiles) character file.

Game seed: 9384328328728668714

28 zishaf the Trooper (level 3, 0/41 HPs)
             Began as an Ogre Chaos Knight on July 15, 2022.
             Was a Plaything of Xom.
             Slain by a goblin
             ... wielding a +0 dagger
             ... led by Robin
              (1 damage)
             ... on level 2 of the Dungeon.
             The game lasted 00:01:12 (1386 turns).

zishaf the Trooper (Ogre Chaos Knight)              Turns: 1386, Time: 00:01:13

Health: 0/41       AC:  5    Str: 18    XL:     3   Next: 14%
Magic:  3/3        EV:  9    Int: 13    God:    Xom [....*.]
Gold:   46         SH:  0    Dex:  8    Spells: 2/2 levels left

rFire   . . .      SeeInvis .   a - +0 mace (chaos)
rCold   . . .      Faith    .   (no shield)
rNeg    . . .      Spirit   .   b - +2 robe
rPois   .          Reflect  .   (helmet restricted)
rElec   .          Harm     .   (no cloak)
rCorr   .          Rampage  .   (gloves unavailable)
Will    .....                   (boots unavailable)
Stlth   +.........              (no amulet)
HPRegen 0.13/turn               (no ring)
MPRegen 0.08/turn               (no ring)

@: no status effects
A: large, unfitting armour, tough skin 1
a: Renounce Religion


You were on level 2 of the Dungeon.
You worshipped Xom.
You were a beloved toy of Xom.
You visited 1 branch of the dungeon, and saw 2 of its levels.

You collected 46 gold pieces.

Inventory:

Hand Weapons
 a - a +0 mace of chaos (weapon)
Armour
 b - a +2 robe (worn)
Scrolls
 d - a scroll of noise {unknown}
 e - a scroll of identify {unknown}
 f - a scroll of blinking {unknown}
Potions
 g - 2 potions of curing {unknown}
Miscellaneous
 c - a piece from Xom's chessboard (15/15) (quivered)


   Skills:
 + Level 4.9 Fighting
 + Level 3.3 Maces & Flails
 - Level 2.1 Dodging


You had 2 spell levels left.
You didn't know any spells.
Your spell library was empty.

Dungeon Overview and Level Annotations

Branches:
Dungeon (2/15)

Altars:

Annotations:
D:2 Robin


Innate Abilities, Weirdness & Mutations

You are too large for most types of armour.
You have tough skin. (AC +1)


Message History

The goblin hits you but does no damage.
Robin roars a battlecry!
The goblin goes into a battle-frenzy!
The goblin misses you.
You closely miss the goblin. The goblin completely misses you.
The goblin hits you with a +0 dagger.
You barely miss the goblin.
The goblin hits you with a +0 dagger. x2
* * * LOW HITPOINT WARNING * * *
You closely miss the goblin.
Robin roars a battlecry!
The goblin closely misses you. The goblin hits you with a +0 dagger.
* * * LOW HITPOINT WARNING * * *
You hit the goblin.
The goblin is almost dead.
The goblin no longer looks unusually strong.
The goblin barely misses you. The goblin hits you with a +0 dagger.
* * * LOW HITPOINT WARNING * * *
The goblin completely misses you. The goblin hits you but does no damage.
You barely miss the goblin.
The goblin is almost dead.
The goblin no longer looks unusually strong.
The goblin hits you but does no damage. x2
You miss the goblin.
The goblin is almost dead.
The goblin closely misses you. The goblin hits you but does no damage.
You closely miss the goblin.
The goblin is almost dead.
The goblin no longer looks unusually strong.
Robin roars a battlecry!
The goblins go into a battle-frenzy!
The goblin barely misses you. x2
You hear a bark!
You closely miss the goblin.
The goblin is almost dead.
The goblin no longer looks unusually strong. x2
The goblin hits you but does no damage. x2
The goblin hits you with a +0 dagger.
* * * LOW HITPOINT WARNING * * *
The goblin hits you with a +0 dagger.
You die...

.. ...# ... ..#
.g.. ..# #..#
#g# ..!#g#
###.#g#g#######
..<...ggg.....#
.####.#g###.###
#.#@# #.# # #g#
#.# #.# #.#
#.###.# #.#...#
#.#.### #.#.#
#.#.# #.#


You could see Robin, 2 hobgoblins and 6 goblins.

Vanquished Creatures
  A dart slug (D:1)
  4 ball pythons (D:1)
  3 endoplasms (D:1)
  2 goblins
  2 hobgoblins (D:1)
  3 quokkas (D:1)
  3 bats (D:1)
  A frilled lizard (D:1)
  6 rats (D:1)
25 creatures vanquished.

Vanquished Creatures (others)
  8 plants (D:1)
8 creatures vanquished.

Grand Total: 33 creatures vanquished

Notes
Turn   | Place    | Note
-------+----------+-------------------------------------------
     0 | D:1      | zishaf the Ogre Chaos Knight began the quest for the Orb.
     0 | D:1      | Reached XP level 1. HP: 24/24 MP: 1/1
   122 | D:1      | XOM: silly message
   174 | D:1      | XOM: 1-stop teleportation journey
   184 | D:1      | XOM: summons 1 hostile demon
   185 | D:1      | Noticed an iron imp
   187 | D:1      | XOM: butterfly on damage
   333 | D:1      | XOM is BORED!
   333 | D:1      | XOM: summons 1 hostile demon
   539 | D:1      | Reached XP level 2. HP: 33/33 MP: 2/2
  1112 | D:1      | Reached XP level 3. HP: 35/41 MP: 3/3
  1369 | D:2      | Noticed Robin
  1386 | D:2      | HP: 1/41 [goblin/+0 dagger[Robin] (5)]
  1386 | D:2      | Slain by a goblin

Illustrated notes

Levels and vault maps discovered:
D:1:      kilobyte_arrival_exit_the_forest, layout_loops_ring, fountainhead,
          serial_bayou_lagoon_a
D:2:      layout_basic, nicolae_ecumenical_lake_church, uniq_robin, uniq_natasha

Skill      XL: |  1  2 |
---------------+-------+-----
Maces & Flails | 3 |  3.3
Fighting       | |  4.9
Dodging        | |  2.1

Action                   || total
-------------------------++-------
Melee: Mace              ||    77
       Punch             ||     2
Armor: Robe              ||    36
Dodge: Dodged            ||    46

Table legend: (Time is in decaauts)
 A = Elapsed time spent in this place.
 B = Non-inter-level travel time spent in this place.
 C = Inter-level travel time spent in this place.
 D = Time resting spent in this place.
 E = Time spent auto-exploring this place.
 F = Levels seen in this place.
 G = Mean time per level.
                   A        B        C        D        E       F      G
               +--------+--------+--------+--------+--------+-----+--------+
         Total |   1426 |   1397 |     29 |      0 |   1205 |   2 |  713.0 |
       Dungeon |   1426 |   1397 |     29 |      0 |   1205 |   2 |  713.0 |
               +--------+--------+--------+--------+--------+-----+--------+

Top non-repeatable levels by time:
     D:1: 1377 daAuts
     D:2: 48 daAuts
